 Dungeon Crawl Stone Soup version 0.24-a0-201-gf205589 (console) character file.

Game seed: 11182511104500821139

32 Voker57 the Slasher (level 3, 0/28 HPs)
             Began as a Demonspawn Gladiator on Mar 22, 2019.
             Slain by a worm (8 damage)
             ... on level 2 of the Dungeon.
             The game lasted 00:00:55 (1050 turns).

Voker57 the Slasher (Demonspawn Gladiator)          Turns: 1050, Time: 00:00:56

Health: 0/28       AC:  6    Str: 14    XL:     3   Next: 8%
Magic:  0/3        EV: 13    Int:  9    God:
Gold:   58         SH:  0    Dex: 15    Spells: 2/2 levels left

rFire    . . .     SeeInvis .   a - +0 long sword
rCold    . . .     Gourm    .   (no shield)
rNeg     . . .     Faith    .   b - +1 leather armour
rPois    .         Spirit   +   c - +0 helmet
rElec    .         Reflect  .   (no cloak)
rCorr    .         Harm     .   (no gloves)
MR       .....                  (no boots)
Stlth    +.........             (no amulet)
HPRegen  0.09/turn              (no ring)
MPRegen  0.08/turn              (no ring)

@: no status effects
A: rugged brown scales 1, magic shield
a: no special abilities


You were on level 2 of the Dungeon.
You were hungry.

You visited 1 branch of the dungeon, and saw 2 of its levels.

You collected 58 gold pieces.

Inventory:

Hand Weapons
 a - a +0 long sword (weapon)
Missiles
 d - 3 throwing nets (quivered)
Armour
 b - a +1 leather armour (worn)
 c - a +0 helmet (worn)
Jewellery
 g - a +2 amulet of reflection {unknown}
Scrolls
 e - 2 scrolls of teleportation
 h - a scroll of remove curse {unknown}
 j - 2 scrolls of identify {unknown}
 l - a scroll of magic mapping {unknown}
 m - a scroll of blinking {unknown}
Potions
 i - a potion of might {unknown}
 k - a potion of degeneration {unknown}
Comestibles
 f - 5 rations


   Skills:
 + Level 2.4 Fighting
 * Level 3.3 Long Blades
 - Level 1.7 Throwing
 + Level 3.0 Dodging


You had 2 spell levels left.
You didn't know any spells.
Your spell library was empty.

Dungeon Overview and Level Annotations

Branches:
Dungeon (2/15)

Altars:


Innate Abilities, Weirdness & Mutations

You are partially covered in rugged brown scales. (AC +1, +3% HP)
When hurt, damage is shared between your health and your magic reserves.


Message History

The worm bites you.
You completely miss the worm.
The worm is heavily wounded.
The worm closely misses you.
You riposte.
You hit the worm but do no damage.
The worm is heavily wounded.
You slash the worm!
The worm is almost dead.
You are feeling hungry.
You hit the worm.
You kill the worm!
j - 2 scrolls labeled FUUSAO TURCH (gained 1)
You see here a worm corpse.
You slash the worm!
The worm is heavily wounded.
The worm bites you!
* * * LOW HITPOINT WARNING * * *
You hit the worm.
The worm is severely wounded.
The worm bites you!
You die...

#..#.#..# #.......
#..#.#.. #......
#^..... ###. #....#
... #....# #.# # #
#...†######..##?#
#.##....##.......#.#
#.....<@w..........#
.......%.........#
.$......>........##
...#.#.###........###
##.#.#. #..........##
. ..#.
##........#..### ..
..............<...#
..
#.##........#####.#
.. #.######## .. #.


You could see a worm.

Vanquished Creatures
  A worm (D:2)
  2 dart slugs (D:1)
  A leopard gecko (D:1)
  3 bats (D:1)
  2 giant cockroaches (D:1)
  4 hobgoblins (D:1)
  2 kobolds (D:1)
  A ball python (D:1)
  3 frilled lizards (D:1)
  A goblin (D:1)
  5 rats
25 creatures vanquished.

Notes
Turn   | Place    | Note
-------+----------+-------------------------------------------
     0 | D:1      | Voker57 the Demonspawn Gladiator began the quest for the
                  | Orb.
     0 | D:1      | Reached XP level 1. HP: 16/16 MP: 1/1
   144 | D:1      | Gained mutation: When hurt, damage is shared between your
                  | health and your magic reserves. [demonic ancestry]
   144 | D:1      | Reached XP level 2. HP: 12/22 MP: 2/2
  1032 | D:2      | Gained mutation: You are partially covered in rugged brown
                  | scales. (AC +1, +3% HP) [demonic ancestry]
  1032 | D:2      | Reached XP level 3. HP: 23/28 MP: 3/3
  1050 | D:2      | Slain by a worm

Levels and vault maps discovered:
D:1:      minmay_arrival_jagged, layout_loops_ring
D:2:      layout_rooms, overflow_temple_1_default, first_ration, serial_glass,
          glass_columns_b, glass_columns_a, chequers_ecumenical_altar_island,
          kennysheep_generic_room_13

Skill      XL: |  1  2 |
---------------+-------+-----
Long Blades    | 3 |  3.3
Dodging        | 3 |  3.0
Fighting       | |  2.4
Throwing       | |  1.7

Action                   || total
-------------------------++-------
Melee: Long sword        ||    60
  Use: Scroll            ||     2
Armor: Leather armour    ||    16
Dodge: Dodged            ||    42
       Rpst.: Long sword ||    17

Table legend:
 A = Non-vault XP
 B = Vault XP
 C = Vault XP percentage of total XP
 D = Non-vault monster count
 E = Vault monster count
 F = Vault count percentage of total count
                 A         B        C        D         E       F
            +---------+---------+-------+---------+---------+-------
      Total |      46 |       0 |   0.0 |      25 |       0 |   0.0
            +---------+---------+-------+---------+---------+-------
        D:1 |      40 |       0 |   0.0 |      23 |       0 |   0.0
        D:2 |       6 |       0 |   0.0 |       2 |       0 |   0.0
            +---------+---------+-------+---------+---------+-------
